 Dungeon Crawl Stone Soup version 0.27-a0-1438-g9b7c6745da (webtiles) character file.

Game seed: 16615315289327768151

170 AarnesTheHuman the Stinger (level 5, 0/31 HPs)
             Began as an Octopode Venom Mage on July 4, 2021.
             Was a Priest of Uskayaw.
             Slain by a hound (2 damage)
             ... on level 4 of the Dungeon.
             The game lasted 00:06:41 (4175 turns).

AarnesTheHuman the Stinger (Octopode Venom Mage)    Turns: 4175, Time: 00:06:41

Health: 0/31       AC:  1    Str:  9    XL:     5   Next: 51%
Magic:  7/9        EV: 13    Int: 17    God:    Uskayaw [***...]
Gold:   168        SH:  0    Dex: 12    Spells: 8/9 levels left

rFire    . . .     SeeInvis .   j - +1 mace (holy)
rCold    . . .     Faith    .   (no shield)
rNeg     . . .     Spirit   .   (helmet restricted)
rPois    .         Reflect  .   (no amulet)
rElec    .         Harm     .   (no ring)
rCorr    .         Rampage  .   (no ring)
Will     .....                  (no ring)
Stlth    +++.......             (no ring)
HPRegen  0.10/turn              (no ring)
MPRegen  0.11/turn              (no ring)
                                (no ring)
                                (no ring)

@: very slightly contaminated
A: almost no armour, amphibious, 8 rings, camouflage 1, gelatinous body 1,
(nimble swimmer 1), tentacles
a: Renounce Religion, Stomp, Line Pass


You were on level 4 of the Dungeon.
You worshipped Uskayaw.
Uskayaw was noncommittal.
You visited 1 branch of the dungeon, and saw 4 of its levels.

You collected 168 gold pieces.

Inventory:

Hand Weapons
 b - a +0 club
 f - a +1 antimagic dagger
 j - a +1 mace of holy wrath (weapon)
Missiles
 h - 23 bolts
 k - 8 atropa-tipped darts
 l - 20 poisoned darts
Scrolls
 a - 3 scrolls of enchant armour {unknown}
 c - 2 scrolls of enchant weapon {unknown}
 e - 2 scrolls of fear {unknown}
 i - a scroll of noise {unknown}
Potions
 d - a potion of might
 g - a potion of heal wounds
 m - a potion of degeneration {unknown}


   Skills:
 + Level 3.0 Dodging
 + Level 4.2 Stealth
 + Level 2.8 Spellcasting
 + Level 2.4 Transmutations
 + Level 4.5 Poison Magic


You had 8 spell levels left.
You knew the following spells:

 Your Spells              Type           Power      Damage    Failure   Level
a - Sting                 Tmut/Pois      56%        1d5       4%          1

Your spell library contained the following spells:

 Spells                   Type           Power      Damage    Failure   Level
 Poisonous Vapours        Pois/Air       20%        N/A       11%         2
 Animate Skeleton         Necr           4%         N/A       19%         1
 Magic Dart               Conj           8%         1d3       19%         1
 Pain                     Necr           8%         1d4       19%         1
 Summon Small Mammal      Summ           8%         N/A       19%         1
 Searing Ray              Conj           4%         3d3       26%         2
 Olgreb's Toxic Radiance  Pois           17%        N/A       26%         4
 Mephitic Cloud           Conj/Pois/Air  7%         N/A       28%         3
 Call Canine Familiar     Summ           2%         N/A       47%         3
 Stone Arrow              Conj/Erth      4%         3d7       47%         3
 Summon Guardian Golem    Hex/Summ       2%         N/A       47%         3
 Vampiric Draining        Necr           1%         2d6       47%         3
 Fulminant Prism          Conj/Hex       1%         3d6       87%         4
 Lehudib's Crystal Spear  Conj/Erth      1%         10d2      100%        8
 Animate Armour           Summ/Erth      Unusable   N/A       N/A         4

Dungeon Overview and Level Annotations

Branches:
Dungeon (4/15)
 Temple: D:4-7

Altars:
Elyvilon
Sif Muna
Trog
Uskayaw

Annotations:
D:4 exclusion: gnoll


Innate Abilities, Weirdness & Mutations

You cannot wear most types of armour.
You are amphibious.
You can wear up to eight rings at the same time.
Your skin changes colour to match your surroundings (Stealth+).
Your rubbery body absorbs attacks. (AC +1, EV +1)
((You are camouflaged near water. (Stealth+)))
You have tentacles for arms and can constrict up to eight enemies at once.


Message History

* * * LOW HITPOINT WARNING * * *
You sock the gnoll!
You kill the gnoll!
You constrict the hound.
You kill the hound!
The hound completely misses you. The hound closely misses you.
Your Dodging skill increases to level 3!
Casting: Sting (safe; 4% risk of failure)
Confirm with . or Enter, or press ? or * to list all spells.
Aiming: Sting (safe; 4% risk of failure)
Press: ? - help, Shift-Dir - straight line, f - hound
Aim: a hound (60% to hit)
The sting hits the hound.
The hound is poisoned.
The hound is moderately wounded.
The hound closely misses you. The hound bites you.
* * * LOW HITPOINT WARNING * * *
Uskayaw will force your foes to helplessly watch your dance.
Uskayaw prepares the audience for your solo!
Casting: Sting (safe; 4% risk of failure)
Confirm with . or Enter, or press ? or * to list all spells.
Aiming: Sting (safe; 4% risk of failure)
Press: ? - help, Shift-Dir - straight line, f/p - hound
Aim: a hound (moderately wounded, paralysed, poisoned, 100% to hit)
You miscast Sting.
You are very lightly contaminated with residual magic.
Nothing appears to happen.
The hound is no longer paralysed.
The hound barely misses you.
You hit the hound. Your grab misses the hound.
The hound is heavily wounded.
The hound barely misses you.
The hound pauses to sniff the ground.
The hound barely misses you.
Uskayaw prepares the audience for your solo!
The helpless hound fails to defend itself.
You hit the hound. You grab the hound.
The hound is severely wounded.
You constrict the hound, but do no damage.
The hound is no longer paralysed.
The hound completely misses you. The hound bites you.
You die...

#.# #.# ##### #.# #...+
#♣ #.# #†)h# #. #.#
#.@.+ ##. #.#
####'###.# #.♣ #.#
#..P.P...# #..
######.#####........#
#.#
#....<.......#..###.#
###.#
###.###...####........#
#.... ....##.....#
###.###..# #.#..
#######...## #.###..#
#.#.# ##.## #.<....#
##.#.#


You could see a hound (poisoned).

Vanquished Creatures
  A bullfrog skeleton (D:3)
  A hound (D:4)
  A hound skeleton (D:4)
  4 adders
  A gnoll (D:4)
  2 worms (D:2)
  2 dart slugs (D:1)
  6 bats
  A giant cockroach (D:3)
  4 goblins
  5 hobgoblins
  4 jackals (D:1)
  5 quokkas
  5 ball pythons
  3 kobolds
  2 rats
47 creatures vanquished.

Vanquished Creatures (others)
  3 plants (D:4)
3 creatures vanquished.

Grand Total: 50 creatures vanquished

Notes
Turn   | Place    | Note
-------+----------+-------------------------------------------
     0 | D:1      | AarnesTheHuman the Octopode Venom Mage began the quest for
                  | the Orb.
     0 | D:1      | Reached XP level 1. HP: 11/11 MP: 3/3
   404 | D:1      | Reached XP level 2. HP: 1/17 MP: 0/5
   800 | D:1      | Found a faded altar of an unknown god.
  1557 | D:2      | Reached XP level 3. HP: 21/21 MP: 6/6
  1763 | D:2      | Found a bloodstained altar of Trog.
  2707 | D:2      | Reached XP level 4. HP: 27/27 MP: 4/7
  2882 | D:2      | You fall into a shaft and drop 2 floors!
  3407 | D:3      | Found a hide-covered altar of Uskayaw.
  3407 | D:3      | Noticed a +0 hand axe
  3407 | D:3      | Noticed a +0 dagger
  3423 | D:3      | Became a worshipper of Uskayaw the Reveller
  3497 | D:3      | Reached * piety under Uskayaw
  3528 | D:3      | Found a white marble altar of Elyvilon.
  3577 | D:3      | Reached XP level 5. HP: 2/31 MP: 3/9
  3577 | D:3      | HP: 1/31 [poisoned by an adder]
  3672 | D:3      | Found a shimmering blue altar of Sif Muna.
  4168 | D:4      | Reached ** piety under Uskayaw
  4172 | D:4      | HP: 1/31 [hound (1)]
  4172 | D:4      | Reached *** piety under Uskayaw
  4175 | D:4      | Slain by a hound

Illustrated notes

Levels and vault maps discovered:
D:1:      giann_bridges, layout_loops_corners,
          hellmonk_ecumenical_altar_inner_sanctum
D:2:      layout_loops_cross, basic_altar
D:3:      layout_rooms, overflow_temple_1_default, dancing_weapons_uskayaw,
          led_sif_pool
D:4:      wad_woods_stonehenge, layout_loops_corners, cheibrodos_gnoll_hut

Skill      XL: |  1  2  3  4  5 |
---------------+----------------+-----
Stealth        | 3 4 |  4.2
Poison Magic   | 4 |  4.5
Transmutations | 2 |  2.4
Dodging        | 3 |  3.0
Spellcasting   | |  2.8

Action                   |  1- 3 |  4- 6 || total
-------------------------+-------+-------++-------
Melee: Club              |    43 |    11 ||    54
       Constrict         |    15 |    11 ||    26
       Tentacles         |     8 |    11 ||    19
       Mace              |       |    37 ||    37
 Cast: Sting             |    42 |    21 ||    63
  Use: Potion            |       |     2 ||     2
 Stab: Sleeping          |     7 |     3 ||    10
       Paralysed         |       |     1 ||     1
Armor: Skin              |     7 |     4 ||    11
Dodge: Dodged            |    39 |    42 ||    81

Table legend: (Time is in decaauts)
 A = Elapsed time spent in this place.
 B = Non-inter-level travel time spent in this place.
 C = Inter-level travel time spent in this place.
 D = Time resting spent in this place.
 E = Time spent auto-exploring this place.
 F = Levels seen in this place.
 G = Mean time per level.
                   A        B        C        D        E       F      G
               +--------+--------+--------+--------+--------+-----+--------+
         Total |   4204 |   4165 |     39 |   1482 |   2016 |   4 | 1051.0 |
       Dungeon |   4204 |   4165 |     39 |   1482 |   2016 |   4 | 1051.0 |
               +--------+--------+--------+--------+--------+-----+--------+

Top non-repeatable levels by time:
     D:2: 1597 daAuts
     D:1: 1296 daAuts
     D:3: 846 daAuts
     D:4: 464 daAuts
